 Dungeon Crawl Stone Soup version 0.32-a0-468-g38b2580584 (webtiles) character file.

Game seed: 978774537288007681

2539 shoop the Cleaver (level 9, -4/71 HPs)
             Began as a Mountain Dwarf Fighter on Feb 24, 2024.
             Was a Believer of Beogh.
             Slain by Joseph
             ... wielding a +0 quarterstaff
              (16 damage)
             ... on level 8 of the Dungeon.
             The game lasted 00:13:29 (7823 turns).

shoop the Cleaver (Mountain Dwarf Fighter)          Turns: 7823, Time: 00:13:30

Health: -4/71      AC:  8    Str: 22    XL:     9   Next: 30%
Magic:  9/9        EV:  9    Int: 10    God:    Beogh [**....]
Gold:   69         SH: 11    Dex: 15    Spells: 8/8 levels left

rFire   + . .        e - +2 hand axe (vamp)
rCold   + . .        f - +0 kite shield
rNeg    . . .        b - +0 scale mail
rPois   .            I - +0 helmet
rElec   .            D - scarf {rC+ rF+}
rCorr   .            (no gloves)
SInv    .            (no boots)
Will    .....        (no amulet) Stlth
                     m - +4 ring of slaying
HPRegen 0.31/turn    y - +6 ring of dexterity
MPRegen 0.11/turn

%: no passive effects
@: mighty
A: runic magic, artefact enchanting
a: Renounce Religion, Smiting


You were on level 8 of the Dungeon.
You worshipped Beogh.
Beogh was pleased with you.
You visited 1 branch of the dungeon, and saw 8 of its levels.

You collected 339 gold pieces.
You spent 270 gold pieces at shops.

Inventory:

Hand Weapons
 a - a +0 war axe
 e - a +2 vampiric hand axe (weapon)
Missiles
 J - a curare-tipped dart (quivered)
Armour
 b - a +0 scale mail (worn)
 c - a +0 buckler
 f - a +0 kite shield (worn)
 l - an orb of guile
 D - a scarf of resistance (worn)
 I - a +0 helmet (worn)
Jewellery
 m - a +4 ring of slaying (left hand)
 s - a ring of flight
 y - a +6 ring of dexterity (right hand)
Wands
 w - a wand of roots (18)
 B - a wand of flame (7)
 E - a wand of paralysis (17)
Scrolls
 h - a scroll of enchant weapon
 k - a scroll of silence
 n - 6 scrolls of teleportation
 r - a scroll of blinking
 t - 2 scrolls of noise
 u - 2 scrolls of immolation
 v - a scroll of fog
 z - a scroll of poison
 A - 2 scrolls of fear {unknown}
 C - a scroll of butterflies
 G - 3 scrolls of enchant armour {unknown}
Potions
 d - a potion of might
 g - a potion of lignification
 i - 5 potions of curing
 j - 2 potions of cancellation {unknown}
 o - 3 potions of attraction {unknown}
 p - 2 potions of ambrosia
 q - a potion of mutation
 x - 2 potions of heal wounds {unknown}
 F - a potion of haste {unknown}
 H - a potion of resistance {unknown}


   Skills:
 + Level 4.1 Fighting
 * Level 11.3 Axes
 + Level 4.1 Armour
 + Level 1.3 Dodging
 + Level 7.8 Shields
 - Level 4.0 Evocations


You had 8 spell levels left.
You didn't know any spells.
Your spell library contained the following spells:

 Spells                   Type           Power      Damage    Failure   Level
 Dazzling Flash           Conj/Hex       0%         N/A       95%         3
 Mephitic Cloud           Conj/Alch/Air  0%         N/A       95%         3
 Volatile Blastmotes      Fire/Tloc      0%         2d10      95%         3
 Summon Blazeheart Golem  Fire/Summ      0%         N/A       100%        4
 Curse of Agony           Necr           0%         N/A       100%        5
 Silence                  Hex/Air        0%         N/A       100%        5
 Starburst                Conj/Fire      0%         6d3       100%        6
 Orb of Destruction       Conj           0%         9d5       100%        7
 Spellforged Servitor     Conj/Summ      0%         N/A       100%        7
 Maxwell's Capacitive Co  Air            0%         ∞         100%        8


Dungeon Overview and Level Annotations

Branches:
Dungeon (8/15)             Temple (0/1) D:7
   Lair: D:8-11

Altars:
The Shining One

Shops:
D:4 ?   D:5 *?*=

Annotations:
D:8 Joseph


Innate Abilities, Weirdness & Mutations

Your facial features look somewhat orcish.
Your spellcasting is much less encumbered by armour.
You can use scrolls of enchantment on lesser artefacts.


Message History

You slash Joseph!
Joseph is lightly wounded.
Joseph hits you with a +0 quarterstaff!
You hit Joseph.
Joseph is lightly wounded.
Joseph hits you with a +0 quarterstaff!
You feel very mighty all of a sudden. Joseph hits you with a +0 quarterstaff.
* * * LOW HITPOINT WARNING * * *
You hit Joseph.
You feel better.
Joseph is lightly wounded.
You hit Joseph.
Joseph is moderately wounded.
Joseph hits you with a +0 quarterstaff.
* * * LOW HITPOINT WARNING * * *
You hit Joseph.
You feel better.
Joseph is moderately wounded.
You block Joseph's attack.
Aiming: Paralyse
Press: ? - help, Shift-Dir - straight line, f - Joseph
Aim: Joseph, wielding a +0 quarterstaff and wearing a +0 leather armour (moderately wounded, chance to affect: 41%) Joseph resists with some effort.
Joseph says, "I've waited for this moment for such a long time."
Joseph hits you with a +0 quarterstaff!
* * * LOW HITPOINT WARNING * * *
Aiming: Paralyse
Press: ? - help, Shift-Dir - straight line, f/p - Joseph
Aim: Joseph, wielding a +0 quarterstaff and wearing a +0 leather armour (moderately wounded, chance to affect: 41%) Joseph resists with some effort.
Joseph barely misses you.
Unknown command.
Aiming: Paralyse
Press: ? - help, Shift-Dir - straight line, f/p - Joseph
Aim: Joseph, wielding a +0 quarterstaff and wearing a +0 leather armour (moderately wounded, chance to affect: 41%) Joseph resists with some effort.
Joseph closely misses you.
Unknown command.
Aiming: Paralyse
Press: ? - help, Shift-Dir - straight line, f/p - Joseph
Aim: Joseph, wielding a +0 quarterstaff and wearing a +0 leather armour (moderately wounded, chance to affect: 41%) Joseph resists with some effort.
Joseph hits you with a +0 quarterstaff!
You die...

##############
#.............
#.############
#># #####.#
#.....#
#@#####
#.....@#
#.....## #####
## #....##
#...# #. #....
#.#.# #. ###..
###.###. #..
#....... #..
#......$
#.......


You could see Joseph.

Vanquished Creatures
  A steam dragon (D:6)
  A water moccasin (D:7)
  2 black bears
  A sky beast (D:7)
  A phantom (D:4)
  3 centaurs
  A kobold brigand (D:8)
  Blork the orc (D:6)
  4 bullfrogs
  A gnoll sergeant (D:6)
  A scorpion (D:6)
  6 wights (D:6)
  3 hounds
  2 bombardier beetles
  A jelly (D:4)
  2 orc priests
  4 iguanas
  5 sleepcaps
  Jessica (D:2)
  2 orc wizards
  7 adders
  11 gnolls
  2 shadow imps
  A white imp (D:7)
  5 ufetubi
  A dart slug (D:2)
  31 orcs
  5 bats
  9 endoplasms
  8 giant cockroaches
  7 hobgoblins
  2 jackals (D:2)
  6 kobolds
  2 quokkas
  6 ball pythons
  5 frilled lizards (D:1)
  6 goblins
  4 rats
161 creatures vanquished.

Notes
Turn   | Place    | Note
-------+----------+-------------------------------------------
     0 | D:1      | shoop the Mountain Dwarf Fighter began the quest for the
                  | Orb.
     0 | D:1      | Reached XP level 1. HP: 19/19 MP: 1/1
   279 | D:1      | Reached skill level 3 in Axes
   489 | D:1      | Reached XP level 2. HP: 24/26 MP: 2/2
  1069 | D:2      | Reached skill level 4 in Axes
  1069 | D:2      | Reached XP level 3. HP: 31/31 MP: 3/3
  1157 | D:2      | Found a glowing golden altar of the Shining One.
  1382 | D:2      | Noticed Jessica
  1399 | D:2      | Killed Jessica
  1400 | D:2      | Reached XP level 4. HP: 29/38 MP: 4/4
  1819 | D:2      | Reached skill level 5 in Axes
  2665 | D:4      | Reached XP level 5. HP: 37/45 MP: 5/5
  2680 | D:4      | Reached skill level 6 in Axes
  3172 | D:4      | Noticed a phantom
  3176 | D:4      | Killed a phantom
  3177 | D:4      | Reached skill level 5 in Shields
  3177 | D:4      | Reached XP level 6. HP: 50/51 MP: 6/6
  3184 | D:4      | Reached skill level 7 in Axes
  3263 | D:4      | Found Opneall's Magic Scroll Shoppe.
  3267 | D:4      | Bought a scroll of noise for 10 gold pieces
  3267 | D:4      | Bought a scroll of immolation for 40 gold pieces
  3267 | D:4      | Bought a scroll of teleportation for 30 gold pieces
  3267 | D:4      | Bought a scroll of fog for 40 gold pieces
  3332 | D:5      | Entered Level 5 of the Dungeon
  3332 | D:5      | Found Etasax's General Store.
  3374 | D:5      | Bought a potion of curing for 30 gold pieces
  3557 | D:5      | Reached XP level 7. HP: 46/57 MP: 7/7
  3648 | D:5      | Found Coereago's Assorted Antiques.
  3698 | D:5      | Reached skill level 8 in Axes
  3750 | D:5      | Reached skill level 1 in Evocations
  3968 | D:5      | Found Domydgh's Magic Scroll Shop.
  4009 | D:4      | Became a worshipper of Beogh the Shepherd
  4151 | D:5      | Found Voorchef's Jewellery Boutique.
  4585 | D:5      | Bought a scroll labelled SAXTAPL UGRIHA for 20 gold pieces
  4585 | D:5      | Bought a scroll labelled VENUCWUVUV for 20 gold pieces
  4841 | D:6      | Found a glowing golden altar of the Shining One.
  4944 | D:6      | Reached skill level 9 in Axes
  5043 | D:6      | Reached XP level 8. HP: 63/63 MP: 8/8
  5083 | D:6      | Reached * piety under Beogh
  5368 | D:6      | Reached skill level 10 in Axes
  5550 | D:6      | Noticed Blork the orc
  5562 | D:6      | Killed Blork the orc
  6329 | D:5      | Bought a long silver wand for 80 gold pieces
  6708 | D:7      | Found a staircase to the Ecumenical Temple.
  6906 | D:7      | Reached XP level 9. HP: 63/70 MP: 9/9
  6923 | D:7      | Reached skill level 11 in Axes
  7285 | D:7      | Identified the +5 trident of the Queen {flame, ^Contam
                  | ^Fragile rC+++ Str+6}
  7424 | D:7      | Reached skill level 1 in Dodging
  7659 | D:8      | Reached ** piety under Beogh
  7813 | D:8      | Noticed Joseph
  7823 | D:8      | Slain by Joseph

Illustrated notes

Levels and vault maps discovered:
D:1:      ncdulo_halloftheorcs, layout_loops_corners,
          nicolae_concentric_dashed_squares_mild
D:2:      layout_basic, basic_altar, nrook_campfire, uniq_jessica
D:3:      layout_basic
D:4:      layout_basic, serial_shops, shop
D:5:      layout_basic, serial_shops, shop_fountains, nicolae_stop_n_shop_2,
          nicolae_shop_behind_doors, shop_fountains, st_stairs_6
D:6:      layout_loops_corners, pf_just_have_faith, grunt_ministairs_11,
          uniq_blork_the_orc
D:7:      layout_loops_ring, minmay_temple_entry_purple_smoke
D:8:      layout_basic, general_overflow_altar, dpeg_lair_monsters,
          enter_bailey_8, fungi_pond_lemuel, kennysheep_generic_room_3,
          uniq_joseph

Skill      XL: |  1  2  3  4  5  6  7  8  9 |
---------------+----------------------------+-----
Axes           | 3 4 5 6 7 9 10 11 | 11.3
Shields        | 4 5 6 7 |  7.8
Evocations     | 2 4 |  4.0
Dodging        | 1 |  1.3
Fighting       | 4 |  4.1
Armour         | 4 |  4.1

Action                     |  1- 3 |  4- 6 |  7- 9 || total
---------------------------+-------+-------+-------++-------
  Melee: War axe           |    77 |   127 |   179 ||   383
         Hand axe          |       |       |    84 ||    84
 Invoke: Convert to Beogh  |       |       |     1 ||     1
  Evoke: Wand              |       |       |     4 ||     4
    Use: Scroll            |       |       |     8 ||     8
         Potion            |       |       |     3 ||     3
 Armour: Scale mail        |    52 |    70 |   178 ||   300
  Dodge: Dodged            |    30 |    40 |    74 ||   144
  Block: Buckler           |     8 |       |       ||     8
         Kite shield       |    19 |    58 |   123 ||   200

Table legend: (Time is in decaauts)
 A = Elapsed time spent in this place.
 B = Non-inter-level travel time spent in this place.
 C = Inter-level travel time spent in this place.
 D = Time resting spent in this place.
 E = Time spent auto-exploring this place.
 F = Levels seen in this place.
 G = Mean time per level.
                   A        B        C        D        E       F      G
               +--------+--------+--------+--------+--------+-----+--------+
         Total |   7932 |   7584 |    348 |    149 |   6158 |   8 |  991.5 |
       Dungeon |   7932 |   7584 |    348 |    149 |   6158 |   8 |  991.5 |
               +--------+--------+--------+--------+--------+-----+--------+

Top non-repeatable levels by time:
     D:6: 1932 daAuts
     D:5: 1335 daAuts
     D:7: 1100 daAuts
     D:2: 1025 daAuts
     D:1: 1009 daAuts
     D:4: 824 daAuts
     D:3: 568 daAuts
     D:8: 135 daAuts
